Kings vs Red Wings

Created - 18 février 2022 at 16:02

Goals
1 2 3 T
Kings 1 1 2 4
Red Wings 1 1 0 2
Shots
1 2 3 T
Kings 6 13 14 33
Red Wings 14 14 15 43

GoalsPenalties
1st period
1. Kings , Brock McGinn 7 (Zach Werenski 39, David Kampf 10) at 8:17
2. Red Wings , Dustin Brown 12 (Miles Wood 9) at 16:11
William Karlsson (LOS) for Roughing (Minor) at 3:38
Ryan Carpenter (LOS) for Hooking (Minor) at 3:55
Zdeno Chara (LOS) for Hooking (Minor) at 19:57
2nd period
3. Red Wings , Sean Walker 7 (Sean Couturier 36, Oliver Ekman-Larsson 24) at 0:23 (PP)
4. Kings , Kyle Connor 25 (Zach Werenski 40, Johnny Gaudreau 33) at 11:03 (PP)
Derek Forbort (LOS) for Hooking (Minor) at 4:03
Zdeno Chara (LOS) for Roughing (Minor) at 6:00
Sean Couturier (DET) for Tripping (Minor) at 9:54
3rd period
5. Kings , Brock Boeser 26 (Zdeno Chara 27, Kyle Connor 35) at 10:40
6. Kings , Derek Forbort 2 (David Kampf 11, Brock McGinn 9) at 17:10
Shea Weber (LOS) for Interference (Minor) at 8:10
Zdeno Chara (LOS) for Roughing (Minor) at 19:25
Goalie Stats
Jordan Binnington (LOS), 41 saves from 43 shots - (0,953), W, 32-11-5, 60:00 minutes
Calvin Petersen (DET), 29 saves from 33 shots - (0,879), L, 4-10-0, 60:00 minutes
3 StarsOfficial
1 - Jordan Binnington (LOS)
2 - Brock McGinn (LOS)
3 - Kyle Connor (LOS)
Referees : Steve Kozari and Francis Charron
Linesman : Matt MacPherson and Pierre Racicot
Game Note
No Game Note



Team Name Goals Shots Shots Attemp Shots Blocked PIM HIT PP PK FO%
Kings 43359121491 / 1 (100%)148%
Red Wings 2437982331 / 7 (14%)152%

Kings
Player Name POS G A P +/- PIM HIT SHT SB MP PP MP PP SHT PK MP PK SHT FO% FOT
Andy GreeneD0001001015:020:0004:2900% 0
Brock BoeserRW1011015018:280:1900:0000% 0
Brock McGinnLW/RW112200119:420:0003:5500% 1
Corey PerryLW/RW000-101007:470:0000:0000% 0
David KampfC/LW/RW0222001010:150:0004:28063% 8
Derek ForbortD1011202314:000:0003:2800% 0
Johnny GaudreauLW/RW0110002018:470:5000:0000% 1
Kyle ConnorLW1121019018:590:5020:00067% 3
Pierre-Edouard BellemareC000-1000012:300:0004:43054% 13
Ryan CarpenterC/RW000220205:530:0000:0600% 1
Scott MayfieldD0000001222:310:1914:3500% 0
Shea WeberD0001201323:060:1901:1800% 0
Tanner PearsonLW/RW0000023018:160:1900:0000% 0
Teddy BluegerC/LW000-101108:060:1900:00038% 16
William KarlssonC0001213022:230:5003:25055% 40
Yanni GourdeC/LW/RW0000011017:570:0000:00035% 17
Zach WerenskiD0221000124:310:5002:1100% 0
Zdeno CharaD0110610220:450:5002:2000% 0
Red Wings
Player Name POS G A P +/- PIM HIT SHT SB MP PP MP PP SHT PK MP PK SHT FO% FOT
Conor GarlandLW/RW0000012019:285:0900:3200% 1
Danny DeKeyserD0001000114:330:0000:4400% 0
Darnell NurseD000-2099122:234:1370:2500% 0
Derick BrassardC/RW0001012014:360:0600:37068% 19
Dustin BrownRW1011045117:554:0220:00050% 2
Gustav NyquistC/LW/RW0000006017:433:5620:00039% 36
Jack JohnsonD000-1013318:310:0000:2500% 0
Jakob ChychrunD000-2023021:584:1310:0000% 0
Jakub VranaLW/RW000-3003018:444:0220:0000% 0
Kyle TurrisC/LW/RW000000007:180:0000:00050% 8
Miles WoodLW0111020114:300:0000:37050% 2
Nino NiederreiterLW/RW0000020014:190:0000:3200% 0
Oliver Ekman-LarssonD011-1031123:484:5810:4400% 0
Sean CouturierC011-3233019:505:0910:00057% 30
Sean WalkerD1011001018:474:5810:0000% 0
Tyler BertuzziLW/RW000-3032019:515:0910:000100% 1
Tyler EnnisC/LW/RW000000207:180:0000:000100% 1
Zack KassianLW/RW000002107:180:0000:0000% 0

Kings

5 vs 5 Forward
Line #Left WingCenterRight WingPHYDFOFWanted %Time %Time Play
1Kyle ConnorWilliam KarlssonBrock Boeser0233937%18:09
2Johnny GaudreauYanni GourdeTanner Pearson0233736%17:57
3Pierre-Edouard BellemareTeddy BluegerCorey Perry1221416%7:47
4Brock McGinnDavid KampfRyan Carpenter2211012%5:47
5 vs 5 Defense
Line #DefenseDefensePHYDFOFWanted %Time %Time Play
1Zach WerenskiShea Weber1224343%21:30
2Scott MayfieldZdeno Chara1313635%17:37
3Derek ForbortAndy Greene1402121%10:33
4Zach WerenskiShea Weber04100%0:00
Power Play Forward
Line #Left WingCenterRight WingPHYDFOFWanted %Time %Time Play
1Johnny GaudreauWilliam KarlssonKyle Connor0145072%0:50
2Tanner PearsonTeddy BluegerBrock Boeser0145028%0:19
Power Play Defense
Line #DefenseDefensePHYDFOFWanted %Time %Time Play
1Zach WerenskiZdeno Chara0235572%0:50
2Shea WeberScott Mayfield0234528%0:19
Penalty Kill 4 Players Forward
Line #CenterWingPHYDFOFWanted %Time %Time Play
1William KarlssonDavid Kampf1405047%3:32
2Pierre-Edouard BellemareBrock McGinn1405053%3:55
Penalty Kill 4 Players Defense
Line #DefenseDefensePHYDFOFWanted %Time %Time Play
1Derek ForbortZdeno Chara1405051%3:47
2Andy GreeneScott Mayfield1405049%3:40
Penalty Kill 3 Players
Line #WingPHYDFOFWanted %Time %Time PlayDefenseDefensePHYDFOFWanted %Time %Time Play
1Pierre-Edouard Bellemare0505046%0:48 Scott MayfieldShea Weber1405053%0:55
2David Kampf0505054%0:56 Derek ForbortAndy Greene1405047%0:49
4 vs 4 Forward
Line #CenterWingPHYDFOFWanted %Time %Time Play
1William KarlssonKyle Connor023550%0:00
2Brock BoeserJohnny Gaudreau023450%0:00
4 vs 4 Defense
Line #DefensePHYDFOFWanted %Time %Time Play
1Zach WerenskiZdeno Chara032500%0:00
2Scott MayfieldShea Weber032500%0:00
Last Minutes Offensive
Left WingCenterRight WingDefenseDefense
Johnny GaudreauWilliam KarlssonKyle ConnorBrock BoeserZach Werenski
Last Minutes Defensive
Left WingCenterRight WingDefenseDefense
Brock McGinnPierre-Edouard BellemareTeddy BluegerScott MayfieldShea Weber
Time
Total ForwardTotal DefenseLast Minutes OffensiveLast Minutes Defensive
60:00 60:00 0:000:00
Extra Forwards
Normal PowerPlayPenalty Kill
Johnny Gaudreau, Brock Boeser, Kyle ConnorYanni Gourde, Corey PerryRyan Carpenter
Extra Defensemen
Normal PowerPlayPenalty Kill
Zach Werenski, Shea Weber, Scott MayfieldZdeno Chara, Zach WerenskiZdeno Chara
Penalty Shots
William Karlsson, Johnny Gaudreau, Kyle Connor, Brock Boeser, Zach Werenski
Goalie
Jordan Binnington, Michael Hutchinson
Custom OT Lines Forwards
William Karlsson, Kyle Connor, Johnny Gaudreau, Brock Boeser, Tanner Pearson, Teddy Blueger, Yanni Gourde, Pierre-Edouard Bellemare, Corey Perry, Ryan Carpenter
Custom OT Lines Defensemen
Zach Werenski, Shea Weber, Scott Mayfield, Zdeno Chara, Derek Forbort
Scratches
Niko Mikkola (Healthy), Jarred Tinordi (Healthy), Dylan McIlrath (Healthy)

Red Wings

5 vs 5 Forward
Line #Left WingCenterRight WingPHYDFOFWanted %Time %Time Play
1Jakub VranaSean CouturierTyler Bertuzzi1133030%14:42
2Nino NiederreiterGustav NyquistConor Garland1132728%13:47
3Miles WoodDerick BrassardDustin Brown1222728%13:53
4Tyler EnnisKyle TurrisZack Kassian1221615%7:18
5 vs 5 Defense
Line #DefenseDefensePHYDFOFWanted %Time %Time Play
1Darnell NurseJakob Chychrun1223636%17:42
2Oliver Ekman-LarssonJack Johnson0323636%18:06
3Sean WalkerDanny DeKeyser1222828%13:49
4Darnell NurseJakob Chychrun12200%0:03
Power Play Forward
Line #Left WingCenterRight WingPHYDFOFWanted %Time %Time Play
1Conor GarlandSean CouturierTyler Bertuzzi0055256%5:09
2Jakub VranaGustav NyquistDustin Brown0054844%4:02
Power Play Defense
Line #DefenseDefensePHYDFOFWanted %Time %Time Play
1Darnell NurseJakob Chychrun0145046%4:13
2Oliver Ekman-LarssonSean Walker0145054%4:58
Penalty Kill 4 Players Forward
Line #CenterWingPHYDFOFWanted %Time %Time Play
1Sean CouturierMiles Wood1135254%0:37
2Conor GarlandNino Niederreiter1134846%0:32
Penalty Kill 4 Players Defense
Line #DefenseDefensePHYDFOFWanted %Time %Time Play
1Darnell NurseJack Johnson1135236%0:25
2Oliver Ekman-LarssonDanny DeKeyser1134864%0:44
Penalty Kill 3 Players
Line #WingPHYDFOFWanted %Time %Time PlayDefenseDefensePHYDFOFWanted %Time %Time Play
1Sean Couturier050500%0:00 Darnell NurseJack Johnson050520%0:00
2Conor Garland050500%0:00 Oliver Ekman-LarssonDanny DeKeyser050480%0:00
4 vs 4 Forward
Line #CenterWingPHYDFOFWanted %Time %Time Play
1Sean CouturierJakub Vrana023500%0:00
2Tyler BertuzziConor Garland023500%0:00
4 vs 4 Defense
Line #DefensePHYDFOFWanted %Time %Time Play
1Darnell NurseOliver Ekman-Larsson023500%0:00
2Jakob ChychrunSean Walker023500%0:00
Last Minutes Offensive
Left WingCenterRight WingDefenseDefense
Jakub VranaSean CouturierConor GarlandDarnell NurseJakob Chychrun
Last Minutes Defensive
Left WingCenterRight WingDefenseDefense
Miles WoodSean CouturierZack KassianDarnell NurseJack Johnson
Time
Total ForwardTotal DefenseLast Minutes OffensiveLast Minutes Defensive
60:00 60:00 0:000:00
Extra Forwards
Normal PowerPlayPenalty Kill
Sean Couturier, Conor Garland, Tyler BertuzziNino Niederreiter, Derick BrassardDerick Brassard
Extra Defensemen
Normal PowerPlayPenalty Kill
Darnell Nurse, Oliver Ekman-Larsson, Jakob ChychrunOliver Ekman-Larsson, Jakob ChychrunDarnell Nurse
Penalty Shots
Sean Couturier, Tyler Bertuzzi, Conor Garland, Nino Niederreiter, Miles Wood
Goalie
Calvin Petersen, Vitek Vanecek
Custom OT Lines Forwards
Sean Couturier, Tyler Bertuzzi, Jakub Vrana, Conor Garland, Gustav Nyquist, Nino Niederreiter, Dustin Brown, Miles Wood, Derick Brassard, Zack Kassian
Custom OT Lines Defensemen
Darnell Nurse, Jakob Chychrun, Oliver Ekman-Larsson, Sean Walker, Danny DeKeyser
Scratches
Slater Koekkoek (Healthy), Drake Caggiula (Healthy), Mason Marchment (Healthy)


Play-by-Play

1st period


0:01 of 1st period - Sean Couturier wins face-off versus William Karlsson in neutral zone.
0:22 of 1st period - Shot by Darnell Nurse.
0:22 of 1st period - Shot Blocked by Zach Werenski.
0:31 of 1st period - William Karlsson is hit by Darnell Nurse.
1:04 of 1st period - Johnny Gaudreau is hit by Darnell Nurse and loses puck.
1:12 of 1st period - Johnny Gaudreau is hit by Darnell Nurse and loses puck.
1:31 of 1st period - Shot by Jack Johnson.
1:31 of 1st period - Stopped by Jordan Binnington without a rebound.
1:32 of 1st period - Derick Brassard wins face-off versus Teddy Blueger in Kings zone.
2:36 of 1st period - Icing by Gustav Nyquist.
2:37 of 1st period - Gustav Nyquist wins face-off versus Yanni Gourde in Red Wings zone.
2:37 of 1st period - Gustav Nyquist is hit by Tanner Pearson.
2:42 of 1st period - Oliver Ekman-Larsson is hit by Tanner Pearson and loses puck.
2:55 of 1st period - Zdeno Chara is hit by Nino Niederreiter and loses puck.
3:31 of 1st period - Conor Garland is hit by William Karlsson.
3:38 of 1st period - Minor Penalty to William Karlsson for Roughing.
3:39 of 1st period - Derick Brassard wins face-off versus Ryan Carpenter in Kings zone.
3:44 of 1st period - Shot by Jakub Vrana.
3:44 of 1st period - Stopped by Jordan Binnington without a rebound.
3:45 of 1st period - Sean Couturier wins face-off versus Pierre-Edouard Bellemare in Kings zone.
3:46 of 1st period - Shot by Jakob Chychrun.
3:46 of 1st period - Shot Blocked by Derek Forbort.
3:48 of 1st period - Shot by Darnell Nurse.
3:48 of 1st period - Stopped by Jordan Binnington without a rebound.
3:49 of 1st period - Gustav Nyquist wins face-off versus Pierre-Edouard Bellemare in Kings zone.
3:55 of 1st period - Minor Penalty to Ryan Carpenter for Hooking.
3:56 of 1st period - Pierre-Edouard Bellemare wins face-off versus Sean Couturier in Kings zone.
4:19 of 1st period - Shot by Sean Couturier.
4:19 of 1st period - Stopped by Jordan Binnington without a rebound.
4:20 of 1st period - Pierre-Edouard Bellemare wins face-off versus Gustav Nyquist in Kings zone.
4:40 of 1st period - Shot by Gustav Nyquist.
4:40 of 1st period - Stopped by Jordan Binnington with a rebound.
4:54 of 1st period - Shot by Sean Walker.
4:54 of 1st period - Shot Blocked by Shea Weber.
5:20 of 1st period - Shot by Conor Garland.
5:20 of 1st period - Shot Hit the Post.
5:32 of 1st period - Shot by Darnell Nurse.
5:32 of 1st period - Stopped by Jordan Binnington without a rebound.
5:33 of 1st period - Pierre-Edouard Bellemare wins face-off versus Sean Couturier in Kings zone.
5:44 of 1st period - Shot by Sean Couturier.
5:44 of 1st period - Shot Misses the Net.
5:46 of 1st period - Shot by Darnell Nurse.
5:46 of 1st period - Stopped by Jordan Binnington without a rebound.
5:47 of 1st period - Pierre-Edouard Bellemare wins face-off versus Gustav Nyquist in Kings zone.
5:47 of 1st period - Pierre-Edouard Bellemare is hit by Dustin Brown.
6:52 of 1st period - Shot by Dustin Brown.
6:52 of 1st period - Stopped by Jordan Binnington without a rebound.
6:53 of 1st period - Sean Couturier wins face-off versus Kyle Connor in Kings zone.
6:54 of 1st period - Shot by Darnell Nurse.
6:54 of 1st period - Shot Misses the Net.
6:56 of 1st period - Shot by Sean Couturier.
6:56 of 1st period - Shot Blocked by Scott Mayfield.
6:58 of 1st period - Shot by Jakub Vrana.
6:58 of 1st period - Shot Misses the Net.
7:00 of 1st period - Shot by Sean Couturier.
7:00 of 1st period - Stopped by Jordan Binnington without a rebound.
7:01 of 1st period - William Karlsson wins face-off versus Derick Brassard in Kings zone.
7:03 of 1st period - Icing by Kyle Connor.
7:04 of 1st period - William Karlsson wins face-off versus Dustin Brown in Kings zone.
7:04 of 1st period - William Karlsson is hit by Dustin Brown.
8:07 of 1st period - Shot by David Kampf.
8:07 of 1st period - Stopped by Calvin Petersen with a rebound.
8:10 of 1st period - David Kampf is hit by Darnell Nurse and loses puck.
8:17 of 1st period - Shot by Brock McGinn.
8:17 of 1st period - Goal by Brock McGinn - Kings : 1 - Red Wings : 0.
8:18 of 1st period - Yanni Gourde wins face-off versus Gustav Nyquist in neutral zone.
8:37 of 1st period - Shot by Yanni Gourde.
8:37 of 1st period - Shot Blocked by Jack Johnson.
9:36 of 1st period - Zach Werenski is hit by Sean Couturier.
9:56 of 1st period - Shot by Sean Couturier.
9:56 of 1st period - Shot Blocked by Shea Weber.
9:58 of 1st period - Shot by Jakob Chychrun.
9:58 of 1st period - Shot Misses the Net.
10:00 of 1st period - Shot by Tyler Bertuzzi.
10:00 of 1st period - Shot Blocked by Brock McGinn.
10:31 of 1st period - William Karlsson is hit by Darnell Nurse and loses puck.
10:39 of 1st period - Off-side.
10:40 of 1st period - Teddy Blueger wins face-off versus Derick Brassard in neutral zone.
10:56 of 1st period - Icing by Corey Perry.
10:57 of 1st period - Kyle Turris wins face-off versus Teddy Blueger in Kings zone.
10:57 of 1st period - Kyle Turris is hit by Zdeno Chara.
10:59 of 1st period - Shot by Zack Kassian.
10:59 of 1st period - Stopped by Jordan Binnington without a rebound.
11:00 of 1st period - Kyle Turris wins face-off versus William Karlsson in Kings zone.
11:10 of 1st period - Icing by Shea Weber.
11:11 of 1st period - William Karlsson wins face-off versus Miles Wood in Kings zone.
11:11 of 1st period - William Karlsson is hit by Miles Wood.
11:43 of 1st period - Shot by Brock Boeser.
11:43 of 1st period - Stopped by Calvin Petersen without a rebound.
11:44 of 1st period - Yanni Gourde wins face-off versus Kyle Turris in Red Wings zone.
12:05 of 1st period - Shot by Kyle Turris.
12:05 of 1st period - Shot Misses the Net.
12:29 of 1st period - Johnny Gaudreau is hit by Zack Kassian and loses puck.
12:59 of 1st period - Shot by Zach Werenski.
12:59 of 1st period - Shot Misses the Net.
14:00 of 1st period - Shot by Teddy Blueger.
14:00 of 1st period - Shot Misses the Net.
14:02 of 1st period - Shot by Teddy Blueger.
14:02 of 1st period - Shot Misses the Net.
14:04 of 1st period - Shot by Andy Greene.
14:04 of 1st period - Stopped by Calvin Petersen without a rebound.
14:05 of 1st period - Tyler Bertuzzi wins face-off versus David Kampf in Red Wings zone.
14:25 of 1st period - Zdeno Chara is hit by Jack Johnson and loses puck.
14:56 of 1st period - Shot by Tanner Pearson.
14:56 of 1st period - Shot Misses the Net.
15:01 of 1st period - Johnny Gaudreau is hit by Oliver Ekman-Larsson.
15:26 of 1st period - Shot by Yanni Gourde.
15:26 of 1st period - Shot Blocked by Danny DeKeyser.
15:28 of 1st period - Shot by Shea Weber.
15:28 of 1st period - Stopped by Calvin Petersen without a rebound.
15:29 of 1st period - William Karlsson wins face-off versus Gustav Nyquist in Red Wings zone.
15:48 of 1st period - Shot by William Karlsson.
15:48 of 1st period - Stopped by Calvin Petersen without a rebound.
15:49 of 1st period - Derick Brassard wins face-off versus Teddy Blueger in Red Wings zone.
15:49 of 1st period - Derick Brassard is hit by Corey Perry.
16:07 of 1st period - Pierre-Edouard Bellemare is hit by Miles Wood.
16:11 of 1st period - Shot by Dustin Brown.
16:11 of 1st period - Goal by Dustin Brown - Kings : 1 - Red Wings : 1.
16:12 of 1st period - Gustav Nyquist wins face-off versus William Karlsson in neutral zone.
17:06 of 1st period - Off-side.
17:07 of 1st period - Yanni Gourde wins face-off versus Derick Brassard in neutral zone.
18:24 of 1st period - Shot by Pierre-Edouard Bellemare.
18:24 of 1st period - Shot Misses the Net.
18:55 of 1st period - Teddy Blueger is hit by Darnell Nurse and loses puck.
19:12 of 1st period - Shot by Tyler Ennis.
19:12 of 1st period - Stopped by Jordan Binnington without a rebound.
19:13 of 1st period - Gustav Nyquist wins face-off versus David Kampf in Kings zone.
19:20 of 1st period - Shot by Gustav Nyquist.
19:20 of 1st period - Stopped by Jordan Binnington without a rebound.
19:21 of 1st period - Derick Brassard wins face-off versus William Karlsson in Kings zone.
19:24 of 1st period - Shot by Dustin Brown.
19:24 of 1st period - Stopped by Jordan Binnington without a rebound.
19:25 of 1st period - William Karlsson wins face-off versus Derick Brassard in Kings zone.
19:25 of 1st period - William Karlsson is hit by Derick Brassard.
19:32 of 1st period - Icing by Shea Weber.
19:33 of 1st period - Miles Wood wins face-off versus William Karlsson in Kings zone.
19:53 of 1st period - Off-side.
19:54 of 1st period - Sean Couturier wins face-off versus Yanni Gourde in neutral zone.
19:57 of 1st period - Minor Penalty to Zdeno Chara for Hooking.
19:58 of 1st period - Sean Couturier wins face-off versus Pierre-Edouard Bellemare in Kings zone.
Goals for this period are 1 for Kings vs 1 for Red Wings.
Shots for this period are 6 for Kings vs 14 for Red Wings.

2nd period


0:01 of 2nd period - Pierre-Edouard Bellemare wins face-off versus Sean Couturier in neutral zone.
0:23 of 2nd period - Shot by Sean Walker.
0:23 of 2nd period - Goal by Sean Walker - Kings : 1 - Red Wings : 2.
0:24 of 2nd period - William Karlsson wins face-off versus Derick Brassard in neutral zone.
0:52 of 2nd period - Shot by Jakob Chychrun.
0:52 of 2nd period - Stopped by Jordan Binnington without a rebound.
0:53 of 2nd period - Sean Couturier wins face-off versus Yanni Gourde in Kings zone.
1:04 of 2nd period - Shot by Jakub Vrana.
1:04 of 2nd period - Shot Blocked by Zdeno Chara.
1:14 of 2nd period - Shot by Tanner Pearson.
1:14 of 2nd period - Shot Misses the Net.
1:16 of 2nd period - Shot by Johnny Gaudreau.
1:16 of 2nd period - Stopped by Calvin Petersen without a rebound.
1:17 of 2nd period - William Karlsson wins face-off versus Gustav Nyquist in Red Wings zone.
1:53 of 2nd period - Icing by Gustav Nyquist.
1:54 of 2nd period - Gustav Nyquist wins face-off versus Yanni Gourde in Red Wings zone.
2:21 of 2nd period - Shot by Sean Couturier.
2:21 of 2nd period - Shot Misses the Net.
2:35 of 2nd period - Shot by Jakub Vrana.
2:35 of 2nd period - Shot Misses the Net.
2:37 of 2nd period - Shot by Sean Couturier.
2:37 of 2nd period - Shot Misses the Net.
2:39 of 2nd period - Shot by Sean Couturier.
2:39 of 2nd period - Stopped by Jordan Binnington without a rebound.
2:40 of 2nd period - Derick Brassard wins face-off versus William Karlsson in Kings zone.
2:57 of 2nd period - Shot by Kyle Connor.
2:57 of 2nd period - Shot Misses the Net.
3:37 of 2nd period - Icing by Zach Werenski.
3:38 of 2nd period - William Karlsson wins face-off versus Sean Couturier in Kings zone.
4:00 of 2nd period - Shot by Tyler Bertuzzi.
4:00 of 2nd period - Stopped by Jordan Binnington without a rebound.
4:01 of 2nd period - Kyle Turris wins face-off versus Yanni Gourde in Kings zone.
4:03 of 2nd period - Minor Penalty to Derek Forbort for Hooking.
4:04 of 2nd period - Sean Couturier wins face-off versus Brock McGinn in Kings zone.
4:33 of 2nd period - Shot by Darnell Nurse.
4:33 of 2nd period - Stopped by Jordan Binnington with a rebound.
4:40 of 2nd period - Icing by Darnell Nurse.
4:41 of 2nd period - Sean Couturier wins face-off versus Pierre-Edouard Bellemare in Red Wings zone.
4:46 of 2nd period - Andy Greene is hit by Tyler Bertuzzi and loses puck.
5:23 of 2nd period - Shot by Gustav Nyquist.
5:23 of 2nd period - Shot Misses the Net.
5:25 of 2nd period - Shot by Dustin Brown.
5:25 of 2nd period - Stopped by Jordan Binnington without a rebound.
5:26 of 2nd period - Gustav Nyquist wins face-off versus William Karlsson in Kings zone.
5:43 of 2nd period - Shot by Gustav Nyquist.
5:43 of 2nd period - Stopped by Jordan Binnington without a rebound.
5:44 of 2nd period - Sean Couturier wins face-off versus Pierre-Edouard Bellemare in Kings zone.
6:00 of 2nd period - Minor Penalty to Zdeno Chara for Roughing.
6:01 of 2nd period - David Kampf wins face-off versus Gustav Nyquist in Kings zone.
7:00 of 2nd period - Shot by Tyler Bertuzzi.
7:00 of 2nd period - Shot Blocked by Derek Forbort.
7:02 of 2nd period - Shot by Jakob Chychrun.
7:02 of 2nd period - Stopped by Jordan Binnington without a rebound.
7:03 of 2nd period - Sean Couturier wins face-off versus William Karlsson in Kings zone.
7:08 of 2nd period - Shot by Conor Garland.
7:08 of 2nd period - Shot Misses the Net.
7:10 of 2nd period - Shot by Sean Couturier.
7:10 of 2nd period - Shot Misses the Net.
7:24 of 2nd period - Shot by Sean Couturier.
7:24 of 2nd period - Shot Blocked by Scott Mayfield.
7:26 of 2nd period - Shot by Jakob Chychrun.
7:26 of 2nd period - Shot Misses the Net.
7:28 of 2nd period - Shot by Darnell Nurse.
7:28 of 2nd period - Stopped by Jordan Binnington without a rebound.
7:29 of 2nd period - Gustav Nyquist wins face-off versus Pierre-Edouard Bellemare in Kings zone.
8:00 of 2nd period - Shot by Dustin Brown.
8:00 of 2nd period - Deflect By Tyler Ennis.
8:00 of 2nd period - Stopped by Jordan Binnington without a rebound.
8:01 of 2nd period - Kyle Turris wins face-off versus Yanni Gourde in Kings zone.
8:02 of 2nd period - Shot by Jakob Chychrun.
8:02 of 2nd period - Stopped by Jordan Binnington without a rebound.
8:03 of 2nd period - Yanni Gourde wins face-off versus Kyle Turris in Kings zone.
8:14 of 2nd period - Shot by Johnny Gaudreau.
8:14 of 2nd period - Shot Misses the Net.
8:16 of 2nd period - Shot by Zdeno Chara.
8:16 of 2nd period - Shot Blocked by Darnell Nurse.
8:21 of 2nd period - Yanni Gourde is hit by Jakob Chychrun and loses puck.
8:35 of 2nd period - Johnny Gaudreau is hit by Darnell Nurse and loses puck.
9:17 of 2nd period - Shot by Kyle Connor.
9:17 of 2nd period - Deflect By William Karlsson.
9:17 of 2nd period - Stopped by Calvin Petersen without a rebound.
9:18 of 2nd period - Sean Couturier wins face-off versus Teddy Blueger in Red Wings zone.
9:54 of 2nd period - Minor Penalty to Sean Couturier for Tripping.
9:55 of 2nd period - William Karlsson wins face-off versus Conor Garland in Red Wings zone.
10:24 of 2nd period - Shot by Kyle Connor.
10:24 of 2nd period - Stopped by Calvin Petersen without a rebound.
10:25 of 2nd period - Derick Brassard wins face-off versus Teddy Blueger in Red Wings zone.
10:25 of 2nd period - Derick Brassard is hit by Teddy Blueger.
10:39 of 2nd period - Shot by Scott Mayfield.
10:39 of 2nd period - Shot Blocked by Miles Wood.
10:41 of 2nd period - Shot by Shea Weber.
10:41 of 2nd period - Shot Blocked by Jack Johnson.
10:43 of 2nd period - Shot by Scott Mayfield.
10:43 of 2nd period - Stopped by Calvin Petersen without a rebound.
10:44 of 2nd period - Derick Brassard wins face-off versus William Karlsson in Red Wings zone.
11:03 of 2nd period - Shot by Kyle Connor.
11:03 of 2nd period - Goal by Kyle Connor - Kings : 2 - Red Wings : 2.
11:04 of 2nd period - David Kampf wins face-off versus Sean Couturier in neutral zone.
11:09 of 2nd period - Shot by Ryan Carpenter.
11:09 of 2nd period - Stopped by Calvin Petersen without a rebound.
11:10 of 2nd period - Yanni Gourde wins face-off versus Gustav Nyquist in Red Wings zone.
11:33 of 2nd period - Shot by Gustav Nyquist.
11:33 of 2nd period - Stopped by Jordan Binnington without a rebound.
11:34 of 2nd period - William Karlsson wins face-off versus Sean Couturier in Kings zone.
11:34 of 2nd period - William Karlsson is hit by Tyler Bertuzzi.
11:44 of 2nd period - Shot by Kyle Connor.
11:44 of 2nd period - Stopped by Calvin Petersen without a rebound.
11:45 of 2nd period - Derick Brassard wins face-off versus Yanni Gourde in Red Wings zone.
12:14 of 2nd period - Shot by Miles Wood.
12:14 of 2nd period - Shot Misses the Net.
13:15 of 2nd period - Shot by Jakub Vrana.
13:15 of 2nd period - Shot Misses the Net.
13:17 of 2nd period - Shot by Jack Johnson.
13:17 of 2nd period - Shot Blocked by Shea Weber.
13:33 of 2nd period - Shot by Gustav Nyquist.
13:33 of 2nd period - Stopped by Jordan Binnington without a rebound.
13:34 of 2nd period - Gustav Nyquist wins face-off versus William Karlsson in Kings zone.
14:12 of 2nd period - Shot by Conor Garland.
14:12 of 2nd period - Stopped by Jordan Binnington with a rebound.
14:14 of 2nd period - Shot by Gustav Nyquist.
14:14 of 2nd period - Shot Misses the Net.
14:16 of 2nd period - Shot by Darnell Nurse.
14:16 of 2nd period - Shot Misses the Net.
14:26 of 2nd period - Gustav Nyquist is hit by Brock Boeser and loses puck.
15:16 of 2nd period - Shot by David Kampf.
15:16 of 2nd period - Shot Misses the Net.
15:37 of 2nd period - Icing by Jack Johnson.
15:38 of 2nd period - Teddy Blueger wins face-off versus Sean Couturier in Red Wings zone.
15:43 of 2nd period - Shot by Zach Werenski.
15:43 of 2nd period - Shot Misses the Net.
15:59 of 2nd period - Shot by Teddy Blueger.
15:59 of 2nd period - Shot Misses the Net.
17:12 of 2nd period - Icing by Derek Forbort.
17:13 of 2nd period - William Karlsson wins face-off versus Gustav Nyquist in Kings zone.
17:13 of 2nd period - Kyle Connor is hit by Conor Garland and loses puck.
17:24 of 2nd period - Shot by Kyle Connor.
17:24 of 2nd period - Stopped by Calvin Petersen without a rebound.
17:25 of 2nd period - Dustin Brown wins face-off versus Teddy Blueger in Red Wings zone.
17:43 of 2nd period - Icing by Danny DeKeyser.
17:44 of 2nd period - Derick Brassard wins face-off versus Yanni Gourde in Red Wings zone.
18:21 of 2nd period - Shot by Tanner Pearson.
18:21 of 2nd period - Stopped by Calvin Petersen without a rebound.
18:22 of 2nd period - William Karlsson wins face-off versus Gustav Nyquist in Red Wings zone.
18:23 of 2nd period - Shot by Brock Boeser.
18:23 of 2nd period - Deflect By Kyle Connor.
18:23 of 2nd period - Stopped by Calvin Petersen without a rebound.
18:24 of 2nd period - William Karlsson wins face-off versus Gustav Nyquist in Red Wings zone.
18:27 of 2nd period - Shot by Brock Boeser.
18:27 of 2nd period - Stopped by Calvin Petersen without a rebound.
18:28 of 2nd period - William Karlsson wins face-off versus Gustav Nyquist in Red Wings zone.
18:29 of 2nd period - Shot by Kyle Connor.
18:29 of 2nd period - Stopped by Calvin Petersen without a rebound.
18:30 of 2nd period - William Karlsson wins face-off versus Gustav Nyquist in Red Wings zone.
18:39 of 2nd period - Shot by Brock Boeser.
18:39 of 2nd period - Stopped by Calvin Petersen with a rebound.
18:45 of 2nd period - Shot by Kyle Connor.
18:45 of 2nd period - Shot Misses the Net.
18:47 of 2nd period - Shot by William Karlsson.
18:47 of 2nd period - Shot Misses the Net.
18:49 of 2nd period - Shot by William Karlsson.
18:49 of 2nd period - Shot Misses the Net.
18:59 of 2nd period - Shot by Kyle Connor.
18:59 of 2nd period - Shot Blocked by Jack Johnson.
19:04 of 2nd period - Icing by Oliver Ekman-Larsson.
19:05 of 2nd period - Gustav Nyquist wins face-off versus Johnny Gaudreau in Red Wings zone.
19:42 of 2nd period - Shot by Yanni Gourde.
19:42 of 2nd period - Shot Misses the Net.
19:48 of 2nd period - Shot by Johnny Gaudreau.
19:48 of 2nd period - Shot Blocked by Oliver Ekman-Larsson.
Goals for this period are 1 for Kings vs 1 for Red Wings.
Shots for this period are 13 for Kings vs 14 for Red Wings.

3rd period


0:01 of 3rd period - Sean Couturier wins face-off versus William Karlsson in neutral zone.
0:14 of 3rd period - Shot by Tyler Bertuzzi.
0:14 of 3rd period - Shot Misses the Net.
0:16 of 3rd period - Shot by Jakob Chychrun.
0:16 of 3rd period - Shot Hit the Post.
0:18 of 3rd period - Shot by Darnell Nurse.
0:18 of 3rd period - Stopped by Jordan Binnington with a rebound.
1:10 of 3rd period - Shot by Derick Brassard.
1:10 of 3rd period - Stopped by Jordan Binnington without a rebound.
1:11 of 3rd period - Gustav Nyquist wins face-off versus Yanni Gourde in Kings zone.
1:38 of 3rd period - Shot by Tanner Pearson.
1:38 of 3rd period - Stopped by Calvin Petersen without a rebound.
1:39 of 3rd period - Derick Brassard wins face-off versus Teddy Blueger in Red Wings zone.
1:53 of 3rd period - Icing by Teddy Blueger.
1:54 of 3rd period - Teddy Blueger wins face-off versus Kyle Turris in Kings zone.
1:56 of 3rd period - Derek Forbort is hit by Zack Kassian and loses puck.
2:17 of 3rd period - Shot by Tyler Ennis.
2:17 of 3rd period - Deflect By Zack Kassian.
2:17 of 3rd period - Shot Misses the Net.
2:31 of 3rd period - Shot by Jack Johnson.
2:31 of 3rd period - Stopped by Jordan Binnington without a rebound.
2:32 of 3rd period - William Karlsson wins face-off versus Sean Couturier in Kings zone.
3:55 of 3rd period - Shot by Yanni Gourde.
3:55 of 3rd period - Shot Blocked by Dustin Brown.
4:19 of 3rd period - Shot by Ryan Carpenter.
4:19 of 3rd period - Stopped by Calvin Petersen without a rebound.
4:20 of 3rd period - Teddy Blueger wins face-off versus Gustav Nyquist in Red Wings zone.
4:25 of 3rd period - Shot by Teddy Blueger.
4:25 of 3rd period - Stopped by Calvin Petersen without a rebound.
4:26 of 3rd period - David Kampf wins face-off versus Gustav Nyquist in Red Wings zone.
4:26 of 3rd period - David Kampf is hit by Oliver Ekman-Larsson.
5:32 of 3rd period - Shot by Sean Couturier.
5:32 of 3rd period - Deflect By Jakub Vrana.
5:32 of 3rd period - Stopped by Jordan Binnington without a rebound.
5:33 of 3rd period - Derick Brassard wins face-off versus William Karlsson in Kings zone.
7:05 of 3rd period - Shot by Darnell Nurse.
7:05 of 3rd period - Stopped by Jordan Binnington without a rebound.
7:06 of 3rd period - Gustav Nyquist wins face-off versus Teddy Blueger in Kings zone.
7:09 of 3rd period - Shot by Conor Garland.
7:09 of 3rd period - Stopped by Jordan Binnington without a rebound.
7:10 of 3rd period - Gustav Nyquist wins face-off versus Teddy Blueger in Kings zone.
7:13 of 3rd period - Shot by Gustav Nyquist.
7:13 of 3rd period - Stopped by Jordan Binnington without a rebound.
7:14 of 3rd period - Teddy Blueger wins face-off versus Gustav Nyquist in Kings zone.
7:14 of 3rd period - Teddy Blueger is hit by Nino Niederreiter.
7:29 of 3rd period - Corey Perry is hit by Oliver Ekman-Larsson and loses puck.
8:10 of 3rd period - Minor Penalty to Shea Weber for Interference.
8:11 of 3rd period - William Karlsson wins face-off versus Gustav Nyquist in Kings zone.
8:15 of 3rd period - Off-side.
8:16 of 3rd period - Sean Couturier wins face-off versus William Karlsson in neutral zone.
8:21 of 3rd period - Shot by Jakob Chychrun.
8:21 of 3rd period - Shot Misses the Net.
8:23 of 3rd period - Shot by Darnell Nurse.
8:23 of 3rd period - Stopped by Jordan Binnington without a rebound.
8:24 of 3rd period - David Kampf wins face-off versus Gustav Nyquist in Kings zone.
8:24 of 3rd period - David Kampf is hit by Dustin Brown.
8:39 of 3rd period - Shot by Darnell Nurse.
8:39 of 3rd period - Stopped by Jordan Binnington without a rebound.
8:40 of 3rd period - Pierre-Edouard Bellemare wins face-off versus Sean Couturier in Kings zone.
8:40 of 3rd period - Pierre-Edouard Bellemare is hit by Sean Couturier.
9:00 of 3rd period - Derek Forbort is hit by Sean Couturier and loses puck.
9:07 of 3rd period - Shot by Oliver Ekman-Larsson.
9:07 of 3rd period - Shot Blocked by Zdeno Chara.
9:09 of 3rd period - Shot by Oliver Ekman-Larsson.
9:09 of 3rd period - Stopped by Jordan Binnington without a rebound.
9:10 of 3rd period - Gustav Nyquist wins face-off versus William Karlsson in Kings zone.
9:13 of 3rd period - Shot by Jakub Vrana.
9:13 of 3rd period - Stopped by Jordan Binnington without a rebound.
9:14 of 3rd period - William Karlsson wins face-off versus Gustav Nyquist in Kings zone.
9:20 of 3rd period - Icing by Jakob Chychrun.
9:21 of 3rd period - William Karlsson wins face-off versus Gustav Nyquist in Red Wings zone.
9:21 of 3rd period - William Karlsson is hit by Darnell Nurse.
9:39 of 3rd period - Shot by Dustin Brown.
9:39 of 3rd period - Stopped by Jordan Binnington without a rebound.
9:40 of 3rd period - Sean Couturier wins face-off versus William Karlsson in Kings zone.
9:41 of 3rd period - Shot by Tyler Bertuzzi.
9:41 of 3rd period - Stopped by Jordan Binnington without a rebound.
9:42 of 3rd period - William Karlsson wins face-off versus Sean Couturier in Kings zone.
9:42 of 3rd period - William Karlsson is hit by Tyler Bertuzzi.
10:28 of 3rd period - Shot by Johnny Gaudreau.
10:28 of 3rd period - Deflect By Tanner Pearson.
10:28 of 3rd period - Stopped by Calvin Petersen without a rebound.
10:29 of 3rd period - Kyle Connor wins face-off versus Kyle Turris in Red Wings zone.
10:34 of 3rd period - Shot by Kyle Connor.
10:34 of 3rd period - Stopped by Calvin Petersen without a rebound.
10:35 of 3rd period - William Karlsson wins face-off versus Sean Couturier in Red Wings zone.
10:40 of 3rd period - Shot by Brock Boeser.
10:40 of 3rd period - Goal by Brock Boeser - Kings : 3 - Red Wings : 2.
10:41 of 3rd period - William Karlsson wins face-off versus Sean Couturier in neutral zone.
11:07 of 3rd period - Kyle Connor is hit by Jakob Chychrun and loses puck.
11:22 of 3rd period - Shot by Brock Boeser.
11:22 of 3rd period - Stopped by Calvin Petersen with a rebound.
11:59 of 3rd period - Oliver Ekman-Larsson is hit by Yanni Gourde and loses puck.
12:47 of 3rd period - Icing by Brock McGinn.
12:48 of 3rd period - David Kampf wins face-off versus Gustav Nyquist in Kings zone.
13:37 of 3rd period - Shot by Kyle Connor.
13:37 of 3rd period - Stopped by Calvin Petersen without a rebound.
13:38 of 3rd period - Yanni Gourde wins face-off versus Sean Couturier in Red Wings zone.
13:42 of 3rd period - Icing by Jakob Chychrun.
13:43 of 3rd period - Sean Couturier wins face-off versus Yanni Gourde in Red Wings zone.
13:48 of 3rd period - Shot by Darnell Nurse.
13:48 of 3rd period - Shot Misses the Net.
14:28 of 3rd period - Shot by Sean Couturier.
14:28 of 3rd period - Shot Misses the Net.
15:35 of 3rd period - Miles Wood is hit by Kyle Connor and loses puck.
15:52 of 3rd period - Shot by Kyle Connor.
15:52 of 3rd period - Shot Misses the Net.
15:54 of 3rd period - Shot by Kyle Connor.
15:54 of 3rd period - Stopped by Calvin Petersen with a rebound.
15:56 of 3rd period - Shot by William Karlsson.
15:56 of 3rd period - Stopped by Calvin Petersen with a rebound.
16:19 of 3rd period - Off-side.
16:20 of 3rd period - Pierre-Edouard Bellemare wins face-off versus Gustav Nyquist in neutral zone.
16:26 of 3rd period - Pierre-Edouard Bellemare is hit by Darnell Nurse and loses puck.
16:41 of 3rd period - Shot by Corey Perry.
16:41 of 3rd period - Shot Misses the Net.
16:43 of 3rd period - Shot by Derek Forbort.
16:43 of 3rd period - Stopped by Calvin Petersen without a rebound.
16:44 of 3rd period - Sean Couturier wins face-off versus David Kampf in Red Wings zone.
16:53 of 3rd period - Shot by Jakub Vrana.
16:53 of 3rd period - Shot Blocked by Derek Forbort.
17:08 of 3rd period - Shot by Brock McGinn.
17:08 of 3rd period - Deflect By David Kampf.
17:08 of 3rd period - Shot Hit the Post.
17:10 of 3rd period - Shot by Derek Forbort.
17:10 of 3rd period - Goal by Derek Forbort - Kings : 4 - Red Wings : 2.
17:11 of 3rd period - Gustav Nyquist wins face-off versus William Karlsson in neutral zone.
17:30 of 3rd period - Off-side.
17:31 of 3rd period - Derick Brassard wins face-off versus Teddy Blueger in neutral zone.
17:33 of 3rd period - Off-side.
17:34 of 3rd period - Kyle Connor wins face-off versus Derick Brassard in neutral zone.
17:59 of 3rd period - Scott Mayfield is hit by Dustin Brown and loses puck.
18:09 of 3rd period - Shot by Derick Brassard.
18:09 of 3rd period - Stopped by Jordan Binnington with a rebound.
18:11 of 3rd period - Shot by Oliver Ekman-Larsson.
18:11 of 3rd period - Shot Misses the Net.
18:13 of 3rd period - Shot by Jack Johnson.
18:13 of 3rd period - Stopped by Jordan Binnington without a rebound.
18:14 of 3rd period - Tyler Ennis wins face-off versus Yanni Gourde in Kings zone.
18:40 of 3rd period - Shot by Yanni Gourde.
18:40 of 3rd period - Stopped by Calvin Petersen with a rebound.
18:44 of 3rd period - Shot by Johnny Gaudreau.
18:44 of 3rd period - Stopped by Calvin Petersen without a rebound.
18:45 of 3rd period - Teddy Blueger wins face-off versus Gustav Nyquist in Red Wings zone.
19:14 of 3rd period - Off-side.
19:15 of 3rd period - Derick Brassard wins face-off versus William Karlsson in neutral zone.
19:25 of 3rd period - Minor Penalty to Zdeno Chara for Roughing.
19:26 of 3rd period - Sean Couturier wins face-off versus William Karlsson in Kings zone.
Goals for this period are 2 for Kings vs 0 for Red Wings.
Shots for this period are 14 for Kings vs 15 for Red Wings.